 Dungeon Crawl Stone Soup version 0.28.0 (webtiles) character file.

Game seed: 8730227888398071281

41 Strat the Gusty (level 3, -11/24 HPs)
             Began as a Formicid Air Elementalist on Feb 8, 2022.
             Mangled by Pikel (12 damage)
             ... on level 3 of the Dungeon.
             The game lasted 00:04:38 (2116 turns).

Strat the Gusty (Formicid Air Elementalist)         Turns: 2116, Time: 00:04:39

Health: -11/24     AC:  2    Str: 14    XL:     3   Next: 75%
Magic:  6/6        EV: 12    Int: 14    God:
Gold:   56         SH:  0    Dex: 11    Spells: 3/6 levels left

rFire   . . .      SeeInvis +   b - +0 hunting sling
rCold   . . .      Faith    .   (no shield)
rNeg    . . .      Spirit   .   l - +0 robe
rPois   .          Reflect  .   (helmet unavailable)
rElec   .          Harm     .   (no cloak)
rCorr   .          Rampage  .   (no gloves)
Will    .....                   (no boots)
Stlth   ++........              (no amulet)
HPRegen 0.08/turn               (no ring)
MPRegen 0.10/turn               (no ring)

@: no status effects
A: permanent stasis, dig shafts and tunnels, antennae 3, four strong arms
a: Dig, Shaft Self


You were on level 3 of the Dungeon.
You visited 1 branch of the dungeon, and saw 4 of its levels.

You collected 56 gold pieces.

Inventory:

Hand Weapons
 a - a +0 trident
 b - a +0 hunting sling (weapon)
 d - a +0 mace
 s - a +0 flail
Missiles
 f - 95 stones (quivered ammo)
 g - 4 poisoned darts
Armour
 l - a +0 robe (worn)
 o - a +0 plate armour
Scrolls
 c - 3 scrolls of teleportation {unknown}
 h - a scroll of identify {unknown}
 j - a scroll of enchant weapon {unknown}
 p - a scroll of silence {unknown}
 q - a scroll of immolation {unknown}
Potions
 e - 3 potions of curing {unknown}
 i - a potion of haste {unknown}
 k - 2 potions of heal wounds {unknown}
 m - a potion of invisibility {unknown}
 n - a potion of attraction {unknown}
 r - a potion of brilliance {unknown}
 t - a potion of flight {unknown}


   Skills:
 - Level 1.7 Dodging
 - Level 2.4 Stealth
 - Level 2.1 Spellcasting
 - Level 0.8 Conjurations
 + Level 3.6 Air Magic


You had 3 spell levels left.
You knew the following spells:

 Your Spells              Type           Power      Damage    Failure   Level
a - Shock                 Conj/Air       28%        1d4       10%         1
b - Static Discharge      Conj/Air       7%         N/A       14%         2

Your spell library contained the following spells:

 Spells                   Type           Power      Damage    Failure   Level
 Airstrike                Air            5%         N/A       45%         4
 Swiftness                Air            Unusable   N/A       N/A         3

Dungeon Overview and Level Annotations

Branches:
Dungeon (4/15)
 Temple: D:4-7

Altars:
Dithmenos
Ru

Shops:
D:1 *

Annotations:
D:3 Pikel


Innate Abilities, Weirdness & Mutations

You cannot be hasted, slowed, berserked, paralysed or teleported.
You can dig through walls and to a lower floor.
You have a pair of large antennae on your head. (SInv)
Your four strong arms can wield two-handed weapons with a shield.


Message History

a +0 club; an orc corpse The orc shouts!
You shoot a stone. The stone barely misses the orc.
An orc comes into view. It is wielding a +0 hand axe.
You shoot a stone. The orc shouts!
The stone hits the orc.
The orc is moderately wounded.
You shoot a stone. The stone barely misses the orc.
The orc shouts!
The stone hits the orc.
The orc is severely wounded.
You shoot a stone. The stone barely misses the orc.
The stone hits the orc but does no damage.
The orc is severely wounded.
You shoot a stone. The stone closely misses the orc. x2
The stone barely misses the orc.
The stone closely misses the orc.
The orc shouts!
The orc barely misses you. The orc hits you with a +0 dagger.
There is a stone staircase leading down here.
The orc hits you but does no damage.
You climb downwards.
Pikel shouts!
The lemure shouts! x4
Found a blackened sapphire ring.
Found a stone staircase leading down and a stone staircase leading up.
There is a stone staircase leading up here.
The orc misses you.
Pikel hits you with a +2 whip of electrocution.
You climb upwards.
The orc hits you with a +0 hand axe.
* * * LOW HITPOINT WARNING * * *
There is a stone staircase leading down here.
Unknown command.
Pikel hits you with a +2 whip of electrocution!
* * * LOW HITPOINT WARNING * * *
Pikel hits you with a +2 whip of electrocution!
* * * LOW HITPOINT WARNING * * *
You are electrocuted!
Ouch! That really hurt!
You die...

#.# #.#...#...### ## #
#####.####.#.......(.(..o #
.........#.#..o#o..###.#. #
.###...#...........# {.. #
.......#.#...####..# #. #
..##......##.####..###.#.###### #
..##..........................#
..##.##...##..oK.......#.####.#
..##.###.###.ooo@......#......#
.###.# #.###.####..#########..#
.# #.# #...........#### #..###
.###.# #####..........# #..>##
.#...# #....(..###.# #.#...
##...# #.#####.# #.######...##
##...## #.#####.###........####
#.....## #.##...................
§...§§§####.##.#####.############


You could see Pikel and 4 orcs.

Vanquished Creatures
  An adder (D:3)
  An orc (D:3)
  5 bats
  A giant cockroach (D:1)
  4 goblins
  A hobgoblin (D:2)
  2 jackals (D:1)
  A quokka (D:2)
  6 ball pythons
  3 frilled lizards (D:1)
  2 kobolds
  3 rats
30 creatures vanquished.

Notes
Turn   | Place    | Note
-------+----------+-------------------------------------------
     0 | D:1      | Strat the Formicid Air Elementalist began the quest for the
                  | Orb.
     0 | D:1      | Reached XP level 1. HP: 13/13 MP: 3/3
   353 | D:1      | Found Motofi's General Store.
   376 | D:1      | Reached XP level 2. HP: 19/19 MP: 3/5
   404 | D:1      | Learned a level 2 spell: Static Discharge
   516 | D:1      | Reached skill level 3 in Air Magic
  1088 | D:2      | Reached XP level 3. HP: 19/24 MP: 6/6
  1627 | D:3      | Found a faded altar of an unknown god.
  1686 | D:3      | Found a sacrificial altar of Ru.
  1829 | D:3      | Found a shadowy altar of Dithmenos.
  2112 | D:4      | Noticed Pikel
  2112 | D:4      | Noticed a lemure
  2112 | D:4      | Noticed a lemure
  2112 | D:4      | Noticed a lemure
  2112 | D:4      | Noticed a lemure
  2116 | D:3      | HP: 1/24 [Pikel (7)]
  2116 | D:3      | Mangled by Pikel

Illustrated notes

Levels and vault maps discovered:
D:1:      denvon_arrival_planthouse, layout_basic, serial_shops, shop
D:2:      layout_loops_ring
D:3:      layout_loops_ring, nicolae_dithmenos_the_darkroom,
          nicolae_ru_the_path_less_chosen, basic_ecumenical_altar,
          corexii_shack, nicolae_underground_beach
D:4:      layout_rooms, bloody_makhleb, nicolae_uskayaw_en_pointe, uniq_pikel

Skill      XL: |  1  2 |
---------------+-------+-----
Air Magic      | 3 |  3.6
Dodging        | |  1.7
Stealth        | |  2.4
Spellcasting   | |  2.1
Conjurations   | |  0.8

Action                   || total
-------------------------++-------
Melee: Whip              ||    19
       Mace              ||     8
       Trident           ||    34
       Punch             ||     1
 Fire: Hunting sling     ||     7
 Cast: Shock             ||    16
       Static Discharge  ||     4
 Stab: Sleeping          ||     3
Armor: Robe              ||    20
Dodge: Dodged            ||    42
